 Dungeon Crawl Stone Soup version 0.21-a0-632-g1e37ce5 (webtiles) character file.

245532 Faca the Executioner (level 20, -2/167 HPs)
             Began as a Formicid Fighter on Dec 23, 2017.
             Was the Champion of Okawaru.
             Killed from afar by a deep elf death mage (35 damage)
             ... with a bolt of negative energy
             ... on level 1 of the Depths on Dec 28, 2017.
             The game lasted 02:50:49 (44357 turns).

Faca the Executioner (Formicid Fighter)            Turns: 44357, Time: 02:50:50

Health: -2/167     AC: 37    Str: 25    XL:     20   Next: 26%
Magic:  20/20      EV:  6    Int:  9    God:    Okawaru [******]
Gold:   1838       SH: 21    Dex: 18    Spells: 19/19 levels left

rFire    . . .     SeeInvis +   P - +2 battleaxe (freeze)
rCold    . . .     Gourm    .   x - +2 large shield {reflect}
rNeg     . . .     Faith    .   f - +8 plate armour of Nenwotyg {MR+}
rPois    +         Spirit   .   (helmet unavailable)
rElec    .         Reflect  +   M - +2 cloak "Xuqut" {MR+}
rCorr    .         Harm     .   q - +2 pair of gloves
MR       ++++.                  O - +1 pair of boots
Stlth    ..........             R - amulet "Fomib" {rPois Regen+ Str+4 Int-3}
HPRegen  0.77/turn              h - +5 ring of protection
MPRegen  0.17/turn              m - +3 ring of dexterity

@: very heavily drained
A: permanent stasis, dig shafts and tunnels, four strong arms, antennae 3
}: 2/15 runes: decaying, gossamer
a: Dig, Shaft Self, Heroism, Finesse, Renounce Religion


You were on level 1 of the Depths.
You worshipped Okawaru.
Okawaru was exalted by your worship.
You were not hungry.

You visited 7 branches of the dungeon, and saw 33 of its levels.
You also visited: Labyrinth.

You collected 3586 gold pieces.
You spent 1748 gold pieces at shops.

Inventory:

Hand Weapons
 b - a +0 great mace of protection
 n - a +6 executioner's axe of freezing
 P - a +2 battleaxe of freezing (weapon)
Armour
 f - the +8 plate armour of Nenwotyg (worn) {MR+}
   (You bought it in a shop on level 2 of the Orcish Mines)

   It affects your resistance to hostile enchantments.
 q - a +2 pair of gloves (worn)
 x - a +2 large shield of reflection (worn)
 y - a scarf of resistance
 G - +2 gold dragon scales
 M - the +2 cloak "Xuqut" (worn) {MR+}
   (Okawaru gifted it to you on level 2 of the Spider Nest)

   It affects your resistance to hostile enchantments.
 O - a +1 pair of boots (worn)
Jewellery
 h - a +5 ring of protection (left hand)
 k - an uncursed amulet of faith {unknown}
 m - a +3 ring of dexterity (right hand)
 L - the ring of Opifiana {MR+ MP+9 Int+2}
   (You found it on level 2 of the Spider Nest)

   [ring of magical power]

   It affects your intelligence (+2).
   It affects your resistance to hostile enchantments.
   It affects your magic capacity (+9).
 R - the amulet "Fomib" (around neck) {rPois Regen+ Str+4 Int-3}
   (You found it on level 2 of the Spider Nest)

   [amulet of regeneration]

   It affects your strength (+4).
   It affects your intelligence (-3).
   It protects you from poison.
   It increases your rate of regeneration.
Wands
 p - a wand of acid (16)
 v - a wand of flame (155)
 E - a wand of clouds (5)
 F - a wand of disintegration (46)
 J - a wand of iceblast (25)
Scrolls
 c - a scroll of holy word
 j - 10 scrolls of remove curse
 u - a scroll of enchant armour
 C - 4 scrolls of magic mapping
 H - a scroll of silence
 I - 4 scrolls of fog
Potions
 d - 7 potions of brilliance
 e - 6 potions of heal wounds
 g - 2 potions of might
 i - 6 potions of curing
 o - 6 potions of ambrosia
 r - a potion of invisibility
 t - 7 potions of mutation
 w - 6 potions of flight
 z - 2 potions of cancellation
 A - 2 potions of agility
 B - 4 potions of resistance
 D - 10 potions of lignification
 K - 3 potions of magic
Comestibles
 l - 35 rations


   Skills:
 + Level 16.9(11.3) Fighting
 + Level 21.0(15.0) Axes
 - Level 3.3(9.3) Maces & Flails
 + Level 16.2(10.7) Armour
 - Level 1.1(0.0) Dodging
 - Level 0.1(0.0) Stealth
 - Level 17.0(11.4) Shields
 - Level 1.0(0.0) Invocations


You had 19 spell levels left.
You didn't know any spells.

Dungeon Overview and Level Annotations

Branches:
Dungeon (15/15)            Temple (1/1) D:7            Lair (6/6) D:8
  Swamp (4/4) Lair:4       Spider (4/4) Lair:4        Slime (0/5) Lair:6
    Orc (2/2) D:10            Elf (0/3) Orc:2        Vaults (0/5) D:13
 Depths (1/5) D:15

Altars:
Ashenzari
Cheibriados
Dithmenos
Elyvilon
Fedhas
Gozag
Hepliaklqana
Kikubaaqudgha
Makhleb
Okawaru
Qazlal
Ru
Sif Muna
Trog
Uskayaw
Vehumet
Wu Jian
Xom
Yredelemnul
Zin
The Shining One

Shops:
D:4 *?[*   D:11 [   D:13 *   D:14 *   Orc:2 *!%**

Portals:
Hell: Depths:1
Abyss: Depths:1

Annotations:
D:5 Prince Ribbit
Lair:6 exclusion: 2 oklob plants


Innate Abilities, Weirdness & Mutations

You cannot be hasted, slowed, berserked, paralysed or teleported.
You can dig through walls and to a lower floor.
Your four strong arms can wield two-handed weapons with a shield.
You have a pair of large antennae on your head. (SInv)


Message History

* * * LOW HITPOINT WARNING * * *
You feel drained.
* * * LOW HITPOINT WARNING * * *
The shadow dragon claws you but does no damage.
The shadow dragon barely misses you.
You slash the shadow dragon!
The shadow dragon is almost dead.
You feel like a meek peon again.
A shadow dragon comes into view.
You slash the shadow dragon!
You kill the shadow dragon!
Okawaru accepts your kill. Something appears at your feet!
Okawaru grants you a weapon!
Your base Axes skill increases to level 21!
As you read the scroll of summoning, it crumbles to dust.
Wisps of shadow whirl around you...
The deep elf death mage casts a spell at you.
The bolt of negative energy hits you!
You feel drained.
You die...

..# ##...Z.#..#### {{
..#####..###.#......
................##. #
.O#..............#
#3#)#.......###.[...
#.#.#...............
#.DO.>.............#
#.#e#.......###...#. {
#.#@#..........(.#.. { #
#C#####.#......#.. {{
#.R.# #.#.###.....
#######...# #.#.........
#.#...C...###.#####.....
#)#.#.(.....#.# ###...
#.............# ###...
####........### #...()
#.#........# #.#.##


You could see a shadow dragon, a deep elf death mage, a soul eater, a friendly
frost giant, a friendly ettin, a friendly rakshasa, a friendly ogre mage and a
friendly ogre.

Vanquished Creatures
  Frances (Spider:1)
  4 thorn hunters
  A shadow dragon (Depths:1)
  Donald (Spider:2)
  A frost giant (Depths:1)
  3 ghost moths
  4 emperor scorpions (Spider:4)
  A balrug (Depths:1)
  Louise (Spider:1)
  Aizul (Spider:2)
  3 very ugly things (Depths:1)
  3 entropy weavers
  Nessos (D:12)
  2 stone giants
  3 vampire knights (Depths:1)
  A spark wasp (Spider:4)
  An ettin (Depths:1)
  Snorg (Lair:6)
  2 fire dragons
  A minotaur (Lab)
  Erolcha (D:11)
  5 vault guards (D:13)
  3 rakshasas (Depths:1)
  21 hydras
  Harold (Lair:2)
  4 centaur warriors
  9 ghost crabs
  17 two-headed ogres
  5 ogre magi
  6 alligators
  A tengu warrior (D:15)
  A vampire mage (Depths:1)
  A soul eater (Depths:1)
  3 skeletal warriors (Depths:1)
  A salamander mystic (Depths:1)
  A glowing orange brain (Depths:1)
  3 spriggan druids (Swamp:1)
  2 unseen horrors (D:13)
  3 deep trolls
  13 swamp dragons
  2 spark wasp zombies (Depths:1)
  4 shambling mangroves
  2 deep elf archers (D:13)
  3 orc knights
  2 lindwurms (Lair:6)
  A wolf spider zombie (D:13)
  A deep elf mage (D:13)
  14 orb spiders
  27 wolf spiders
  18 ugly things
  A fire giant zombie (Depths:1)
  A spectral spriggan (Depths:1)
  2 orc sorcerers (Orc:1)
  3 manticores
  A salamander (shapeshifter) (D:15)
  An iron dragon skeleton (Depths:1)
  2 moths of wrath (Spider:4)
  4 cyclopes
  3 apocalypse crabs (Swamp:1)
  2 salamanders (Depths:1)
  The ghost of Maimakterion the Ruffian, a novice DrTm of Jiyva (D:6)
  19 elephants
  A black mamba (shapeshifter) (Depths:1)
  6 black mambas
  A gargoyle (D:10)
  Psyche (D:12)
  8 torpor snails
  13 spiny frogs
  A redback zombie (D:14)
  3 rime drakes
  4 kobold demonologists
  11 demonic crawlers
  7 yaktaurs (Depths:1)
  4 hellwings (Depths:1)
  A yaktaur skeleton (Depths:1)
  6 komodo dragons
  3 red devils (Depths:1)
  26 jumping spiders
  19 trolls
  A tengu conjurer (D:14)
  14 polar bears
  15 tyrant leeches
  A harpy skeleton (D:14)
  A wolf spider simulacrum (D:14)
  10 blink frogs
  33 hornets
  19 slime creatures
  4 raiju (Lair:6)
  2 bog bodies
  9 dream sheep
  8 hippogriffs
  A meliai zombie (D:14)
  A fire dragon zombie (Depths:1)
  6 shadows
  75 redbacks
  4 spriggans
  2 vampires
  26 yaks
  26 tarantellas
  Sigmund (D:5)
  2 basilisks
  6 wyverns
  A water elemental (D:15)
  Grum (D:9)
  4 hungry ghosts (Lab)
  16 vampire mosquitoes
  11 wargs
  19 insubstantial wisps
  An acid dragon (D:13)
  8 water moccasins
  13 swamp worms
  13 hell hounds (Lair:6)
  10 porcupines
  Duvessa (D:7)
  15 swamp drakes
  2 ice beasts
  26 orc warriors
  An eye of draining (shapeshifter) (D:15)
  A phantom (D:6)
  A necrophage (D:6)
  9 sky beasts
  12 black bears
  27 wolves
  26 ogres
  A centaur (shapeshifter) (Depths:1)
  10 centaurs
  7 crocodiles
  Blork the orc (D:4)
  7 big kobolds
  17 bullfrogs
  A gnoll sergeant (Orc:1)
  3 wyvern zombies
  A water moccasin zombie (D:9)
  3 scorpions
  Dowan (D:7)
  10 killer bees
  14 wights
  4 howler monkeys
  A vampire bat (Lair:3)
  An electric eel (Spider:1)
  A centaur zombie (D:5)
  2 bullfrog zombies
  9 crimson imps
  11 orc priests
  7 jellies
  3 hounds
  2 bullfrog skeletons
  4 centaur skeletons
  Crazy Yiuf (D:7)
  4 iguanas
  Jessica (D:2)
  23 orc wizards
  9 worker ants
  9 hell rats
  2 killer bee zombies
  3 hound skeletons
  A worker ant zombie (D:11)
  A howler monkey skeleton (D:4)
  11 gnolls
  6 river rats (Lair:1)
  6 adders
  3 shadow imps
  2 oozes (D:1)
  5 worms
  2 dart slugs (D:1)
  8 leopard geckos
  96 orcs
  2 ball pythons
  12 bats
  5 giant cockroaches
  8 hobgoblins
  8 jackals
  18 kobolds
  3 quokkas
  2 frilled lizards
  2 goblins
  A jackal skeleton (D:4)
  A leopard gecko zombie (D:8)
  A quokka skeleton (D:8)
  A quokka zombie (D:6)
  12 rats
  7 briar patches (Swamp:3)
  4 fungi
  5 plants
1257 creatures vanquished.

Vanquished Creatures (others)
  An eldritch tentacle (Swamp:4)
  A stone giant (Depths:1)
  2 spriggan druids (Swamp:1)
  A wolf spider (Spider:1)
  A yaktaur (Depths:1)
  A wyvern (D:14)
  A swamp worm (Swamp:4)
  An orc wizard (Orc:2)
  2 ball lightnings (Spider:2)
  5 briar patches
  A bush (D:14)
  10 fungi
  19 plants
46 creatures vanquished.

Grand Total: 1303 creatures vanquished

Notes
Turn   | Place    | Note
-------+----------+-------------------------------------------
     0 | D:1      | Faca the Formicid Fighter began the quest for the Orb.
     0 | D:1      | Reached XP level 1. HP: 18/18 MP: 1/1
   118 | D:1      | Reached XP level 2. HP: 24/24 MP: 2/2
   389 | D:1      | Reached XP level 3. HP: 29/30 MP: 3/3
   865 | D:2      | Noticed Jessica
   871 | D:2      | Killed Jessica
   871 | D:2      | Reached XP level 4. HP: 37/37 MP: 4/4
  1034 | D:2      | Found a glowing silver altar of Zin.
  1034 | D:2      | Found a burning altar of Makhleb.
  1035 | D:2      | Noticed a blizzard demon
  1035 | D:2      | Noticed an angel
  1177 | D:2      | Found a glowing golden altar of the Shining One.
  1616 | D:3      | Reached skill level 3 in Axes
  1687 | D:3      | Reached XP level 5. HP: 41/42 MP: 5/5
  1817 | D:3      | Found a shadowy altar of Dithmenos.
  1925 | D:4      | Found Wiyne's Assorted Antiques.
  1936 | D:4      | Bought a scroll labeled RARCHA QERU for 19 gold pieces
  1989 | D:4      | Found Inluneo's Antique Armour Emporium.
  2033 | D:4      | Found Daigoq's Magic Scroll Emporium.
  2057 | D:4      | Bought a scroll of identify for 24 gold pieces
  2147 | D:4      | Noticed an ogre
  2153 | D:4      | Killed an ogre
  2153 | D:4      | Reached skill level 1 in Dodging
  2153 | D:4      | Reached XP level 6. HP: 33/48 MP: 6/6
  2169 | D:4      | Noticed Blork the orc
  2179 | D:4      | Killed Blork the orc
  2179 | D:4      | Reached skill level 4 in Axes
  2388 | D:4      | Found Kelior's Assorted Antiques.
  2666 | D:5      | Entered Level 5 of the Dungeon
  2706 | D:5      | Found a radiant altar of Vehumet.
  2836 | D:5      | Reached skill level 5 in Axes
  2855 | D:5      | Reached XP level 7. HP: 48/55 MP: 7/7
  2863 | D:5      | Found a deep blue altar of Sif Muna.
  2866 | D:5      | Found a snail-covered altar of Cheibriados.
  2869 | D:5      | Found a hazy altar of Hepliaklqana.
  2872 | D:5      | Found a bloodstained altar of Trog.
  2899 | D:5      | Noticed Sigmund
  2917 | D:5      | Killed Sigmund
  2931 | D:5      | Reached skill level 6 in Axes
  2972 | D:5      | Found a blossoming altar of Fedhas.
  3142 | D:5      | Found a sacrificial altar of Ru.
  3161 | D:5      | Reached XP level 8. HP: 55/61 MP: 8/8
  3288 | D:5      | Reached skill level 5 in Armour
  3288 | D:5      | Reached skill level 5 in Shields
  3393 | D:5      | Noticed Prince Ribbit
  4100 | D:6      | Reached skill level 5 in Fighting
  4114 | D:6      | Reached skill level 7 in Axes
  4483 | D:6      | Reached XP level 9. HP: 56/68 MP: 9/9
  4506 | D:6      | Noticed Maimakterion's ghost (novice DrTm)
  4540 | D:6      | Killed Maimakterion's ghost
  4540 | D:6      | Reached skill level 8 in Axes
  5645 | D:5      | Reached skill level 9 in Axes
  5976 | D:7      | Found an opulent altar of Gozag.
  6346 | D:7      | Reached XP level 10. HP: 40/76 MP: 10/10
  6575 | D:7      | Found a staircase to the Ecumenical Temple.
  6583 | Temple   | Entered the Ecumenical Temple
  6613 | Temple   | Became a worshipper of Warmaster Okawaru
  6746 | D:7      | Noticed Duvessa
  6752 | D:7      | Noticed Dowan
  6767 | D:7      | Killed Dowan
  6799 | D:7      | Killed Duvessa
  7063 | D:7      | Found a basalt altar of Yredelemnul.
  7219 | D:7      | Found a runed door.
  7223 | D:7      | Noticed Crazy Yiuf
  7227 | D:7      | Killed Crazy Yiuf
  7627 | D:8      | Reached skill level 10 in Axes
  7638 | D:8      | Reached * piety under Okawaru
  7848 | D:8      | Found a staircase to the Lair.
  7898 | D:8      | Found a glowing silver altar of Zin.
  8009 | D:8      | Reached ** piety under Okawaru
  8130 | D:8      | Noticed a two-headed ogre
  8141 | D:8      | Killed a two-headed ogre
  8141 | D:8      | Reached skill level 11 in Axes
  8407 | D:9      | Reached *** piety under Okawaru
  8618 | D:9      | Reached XP level 11. HP: 84/84 MP: 11/11
  9017 | D:9      | Noticed Grum
  9027 | D:9      | Killed Grum
  9743 | D:10     | Entered Level 10 of the Dungeon
  9806 | D:10     | Found a staircase to the Orcish Mines.
 10353 | D:10     | Reached **** piety under Okawaru
 10353 | D:10     | Reached skill level 12 in Axes
 10354 | D:10     | Reached skill level 1 in Invocations
 10795 | D:10     | Noticed a two-headed ogre
 10810 | D:10     | Killed a two-headed ogre
 11020 | D:11     | Noticed a manticore
 11029 | D:11     | Killed a manticore
 11029 | D:11     | Reached ***** piety under Okawaru
 11193 | D:11     | Noticed a cyan ugly thing
 11223 | D:11     | Killed a cyan ugly thing
 11366 | Lair:1   | Entered Level 1 of the Lair of Beasts
 11407 | Lair:1   | Reached XP level 12. HP: 94/94 MP: 12/12
 11502 | Lair:1   | Received a gift from Okawaru
 11923 | Lair:1   | Reached skill level 13 in Axes
 11991 | Lair:1   | Reached skill level 10 in Shields
 12241 | Lair:2   | Found a labyrinth entrance.
 12258 | Lab      | Entered a labyrinth
 12394 | Lab      | Noticed a minotaur
 12409 | Lab      | Killed a minotaur
 12646 | Lair:2   | Received a gift from Okawaru
 12647 | Lair:2   | Got a smelly ring mail {god gift}
 12658 | Lair:2   | Identified the +1 ring mail of Gravitas {MR+ rCorr MP+9} (Okawaru gifted it to you on level 2 of the Lair of Beasts)
 12866 | Lair:2   | Noticed Harold
 12878 | Lair:2   | Killed Harold
 13068 | Lair:2   | Noticed an eight-headed hydra
 13084 | Lair:2   | Killed an eight-headed hydra
 14016 | Lair:3   | Noticed a five-headed hydra
 14017 | Lair:3   | Reached skill level 14 in Axes
 14104 | Lair:3   | Noticed a six-headed hydra
 14114 | Lair:3   | Killed a six-headed hydra
 14120 | Lair:3   | Reached XP level 13. HP: 53/101 MP: 13/13
 14319 | Lair:3   | Killed a five-headed hydra
 14319 | Lair:3   | Reached skill level 1 in Maces & Flails
 14698 | Lair:3   | Reached skill level 10 in Armour
 15273 | Lair:4   | Noticed a five-headed hydra
 15288 | Lair:3   | Killed a five-headed hydra
 15501 | Lair:4   | Received a gift from Okawaru
 15583 | Lair:4   | Noticed a four-headed hydra
 15594 | Lair:4   | Killed a four-headed hydra
 15725 | Lair:4   | Found a hole to the Spider Nest.
 15844 | Lair:4   | Reached skill level 10 in Fighting
 16229 | Lair:4   | Found a staircase to the Swamp.
 17107 | Lair:5   | Reached ****** piety under Okawaru
 17123 | Lair:5   | Received a gift from Okawaru
 17259 | Lair:5   | Reached skill level 15 in Axes
 17829 | Lair:6   | Entered Level 6 of the Lair of Beasts
 18006 | Lair:6   | Reached XP level 14. HP: 110/111 MP: 14/14
 18264 | Lair:6   | Received a gift from Okawaru
 18265 | Lair:6   | Got a dazzling fustibalus {god gift}
 18808 | Lair:6   | Noticed Snorg
 18819 | Lair:6   | Killed Snorg
 19352 | Lair:6   | Reached skill level 16 in Axes
 19700 | Lair:6   | Received a gift from Okawaru
 20421 | Lair:6   | Found a runed door.
 20810 | Lair:6   | Reached XP level 15. HP: 92/120 MP: 15/15
 21154 | Orc:1    | Entered Level 1 of the Orcish Mines
 21282 | D:10     | Upgraded the game from 0.21-a0-615-g8e08f28 to 0.21-a0-632-g1e37ce5
 21772 | Orc:1    | You fall through a shaft!
 21772 | Orc:2    | Entered Level 2 of the Orcish Mines
 21772 | Orc:2    | Found Ruzek's Food Shop.
 21772 | Orc:2    | Found Ocliq's General Store.
 21772 | Orc:2    | Found Wyblueloy's Assorted Antiques.
 21772 | Orc:2    | Found Golloquw's Distillery.
 21772 | Orc:2    | Noticed a stone giant
 22244 | Orc:2    | Found a staircase to the Elven Halls.
 22381 | Orc:1    | Killed a stone giant
 22736 | Orc:1    | Reached skill level 17 in Axes
 23105 | Orc:1    | Received a gift from Okawaru
 24208 | Orc:2    | Bought the +8 plate armour of Nenwotyg {MR+} for 1285 gold pieces
 24208 | Orc:2    | Bought a cursed ring of loudness for 76 gold pieces
 24298 | Orc:2    | Found Figun's Assorted Antiques.
 24392 | Orc:2    | Bought an agate ring for 125 gold pieces
 24507 | Orc:2    | Bought a scroll of identify for 54 gold pieces
 24932 | D:11     | Noticed Erolcha
 24944 | D:11     | Killed Erolcha
 25196 | D:11     | Found Dimao's Antique Armour Emporium.
 25199 | D:11     | Bought a pair of embroidered boots for 165 gold pieces
 25588 | D:12     | Noticed Nessos
 25602 | D:12     | Killed Nessos
 25722 | D:12     | Reached XP level 16. HP: 127/129 MP: 16/16
 25734 | D:12     | Noticed Psyche
 25739 | D:12     | Killed Psyche
 25773 | D:12     | Received a gift from Okawaru
 26759 | D:13     | Reached skill level 18 in Axes
 27400 | D:13     | Found a gate to the Vaults.
 27533 | D:13     | Found Qeamutepyso's Assorted Antiques.
 27574 | D:14     | Found Zen Ren's Assorted Antiques.
 28661 | D:14     | Found a bloodstained altar of Trog.
 28799 | D:15     | Entered Level 15 of the Dungeon
 29380 | D:15     | Found a staircase to the Depths.
 29921 | Spider:1 | Entered Level 1 of the Spider Nest
 29933 | Spider:1 | Received a gift from Okawaru
 30003 | Spider:1 | Reached skill level 15 in Shields
 30719 | Spider:1 | Reached XP level 17. HP: 131/137 MP: 17/17
 31099 | Spider:2 | Noticed Louise
 31494 | Spider:1 | Killed Louise
 31531 | Spider:2 | Noticed Donald
 31897 | Spider:2 | Killed Donald
 32073 | Spider:2 | Noticed Frances
 32111 | Spider:1 | Killed Frances
 32321 | Spider:2 | Found a transporter.
 32470 | Spider:2 | Received a gift from Okawaru
 32471 | Spider:2 | Reached skill level 19 in Axes
 32472 | Spider:2 | Got a bloodstained cloak {god gift}
 32483 | Spider:2 | Identified the +2 cloak "Xuqut" {MR+} (Okawaru gifted it to you on level 2 of the Spider Nest)
 32564 | Spider:2 | Noticed Aizul
 32580 | Spider:2 | Killed Aizul
 32800 | Spider:2 | Found a transporter.
 34554 | Spider:4 | Entered Level 4 of the Spider Nest
 35679 | Spider:4 | Received a gift from Okawaru
 35683 | Spider:4 | Reached XP level 18. HP: 123/147 MP: 16/18
 36097 | Spider:4 | Received a gift from Okawaru
 36591 | Spider:4 | Got a gossamer rune of Zot
 36751 | Spider:2 | You fall through a shaft!
 37168 | Spider:2 | Got a bound amber ring
 37183 | Spider:2 | Got a faintly humming robe
 37187 | Spider:2 | Got a sparkling ivory amulet
 37282 | Swamp:1  | Entered Level 1 of the Swamp
 37561 | Swamp:1  | Identified the amulet "Fomib" {rPois Regen+ Str+4 Int-3} (You found it on level 2 of the Spider Nest)
 37637 | Swamp:1  | Found a runed door.
 37876 | Swamp:1  | Identified the ring of Opifiana {MR+ MP+9 Int+2} (You found it on level 2 of the Spider Nest)
 39076 | Swamp:2  | Reached skill level 15 in Fighting
 39123 | Swamp:2  | Received a gift from Okawaru
 39212 | Swamp:3  | Identified a scroll of acquirement
 39343 | Swamp:3  | Reached skill level 20 in Axes
 40156 | Swamp:4  | Entered Level 4 of the Swamp
 40259 | Swamp:4  | Reached XP level 19. HP: 144/155 MP: 19/19
 40705 | Swamp:4  | Received a gift from Okawaru
 40984 | Swamp:4  | Reached skill level 15 in Armour
 41526 | Swamp:4  | Got a decaying rune of Zot
 42769 | Depths:1 | Entered Level 1 of the Depths
 43075 | Depths:1 | Found a gateway to Hell.
 43109 | Depths:1 | Received a gift from Okawaru
 43380 | Depths:1 | Found a one-way gate to the infinite horrors of the Abyss.
 43609 | Depths:1 | Noticed a lich
 43756 | Depths:1 | Reached XP level 20. HP: 166/166 MP: 20/20
 44356 | Depths:1 | Received a gift from Okawaru
 44356 | Depths:1 | Reached skill level 21 in Axes
 44357 | Depths:1 | Killed from afar by a deep elf death mage

Vault maps used:
D:1:      tarquinn_simple_flora_water_b
D:2:      grunt_temple_overflow_order_and_chaos_2, tso_oasis_becter,
          uniq_jessica
D:3:      grunt_dithmenos_smoke_and_mirrors
D:4:      serial_shops, shop, shop_scrolls, nicolae_shop_overgrown_old_shop,
          nicolae_shop_overgrown_old_shop, uniq_blork_the_orc
D:5:      vehumet_altar_wand_db, grunt_temple_overflow_cloverleaf,
          lemuel_doored_altar, basic_altar, first_ration, roderic_lattice_a,
          uniq_prince_ribbit1, uniq_sigmund
D:6:      minmay_door_square
D:7:      nicolae_overflow_crystal_walls, minmay_temple_entry_glassed_door,
          enter_bailey_2, grunt_gozag_breadcrumbs, uniq_crazy_yiuf_cottage,
          uniq_duvessa
D:8:      lair_entry_dummy, basic_altar, the_bakery
D:9:      minmay_misc_feat_iff, uniq_grum
D:10:     orc_0_dummy, hangedman_decor_opposing
D:11:     serial_shops, kennysheep_mini, uniq_erolcha
D:12:     uniq_psyche, uniq_nessos
D:13:     grunt_vaults_entry_fortified, serial_shops, nicolae_shop_waterfront
D:14:     serial_shops, shop, trog_ov_bears_minmay
D:15:     hangedman_depths_entry_civil_slaughter, serial_bayou_pond_b,
          nicolae_wwwww
Temple:   minmay_temple_bridge_abc
Lair:1:   kennysheep_abandoned_house
Lair:2:   lab_entry_generic, serial_bayou_lake_a, infiniplex_staircase_pool,
          lemuel_fruit_fields, uniq_harold
Lair:3:   roderic_batcave
Lair:4:   minmay_swamp_entry_worms, nicolae_spider_entry_non_spiders,
          cheibrodos_lair_lostbears
Lair:5:   infiniplex_staircase_pool_2
Lair:6:   wormcave, hangedman_lair_caniforms_friends,
          dpeg_slime_entry_enclosed_altar, serial_bayou_shore_b,
          minmay_lair_oklob_chamber, uniq_snorg
Swamp:1:  gammafunk_mikee_crab_dinner, nicolae_swamp_fairy_circle
Swamp:2:  evilmike_swamp_ruin_wall, swamp_pool2
Swamp:3:  hangedman_swamp_ruin_wall
Swamp:4:  swamp, swamp_pool1
Spider:2: gammafunk_its_a_trap, uniq_louise, uniq_donald, uniq_aizul,
          uniq_frances
Spider:3: guppyfry_hornet_nest
Spider:4: grunt_spider_rune_parallel, einodemon_crawler_minivault
Orc:2:    st_orc_open, serial_shops, nicolae_shop_waterfront
Depths:1: abyss_entry, special_room, hellmouth_3, minmay_misc_feat_chi,
          hangedman_decor_growths, minmay_crystal_room,
          minmay_misc_feat_columns, lightli_corner_chamber
Lab:      nicolae_lab_dead_adventurers, nicolae_lab_stuck,
          nicolae_lab_starburst, nicolae_lab_t_cross, nicolae_lab_hexagon,
          labyrinth_fake_exit, lab_hedge, nicolae_lab_grate_2, nicolae_lab_lava,
          nicolae_lab_garden, nicolae_lab_statue

Skill      XL: |  1  2  3  4  5  6  7  8  9 10 11 12 13 14 15 16 17 18 19 20 |
---------------+-------------------------------------------------------------+-----
Armour         | 4 5 6 7 9 10 11 12 13 14 15 16 | 16.2
Fighting       | 4 5 6 7 8 9 10 11 12 13 14 15 16 | 16.9
Axes           | 3 5 6 7 9 11 12 14 15 16 17 18 19 20 21 | 21.0
Shields        | 4 5 7 8 9 10 12 13 14 15 16 17 | 17.0
Dodging        | 1 |  1.1
Invocations    | 1 |  1.0
Maces & Flails | 3 |  3.3
Stealth        | |  0.1

Action                   |  1- 3 |  4- 6 |  7- 9 | 10-12 | 13-15 | 16-18 | 19-21 || total
-------------------------+-------+-------+-------+-------+-------+-------+-------++-------
Melee: War axe           |    74 |   134 |   362 |    78 |       |       |       ||   648
       Battleaxe         |       |       |       |   637 |  1085 |  1760 |   607 ||  4089
       Eveningstar       |       |       |       |    11 |       |       |       ||    11
       Flail             |       |       |       |     8 |    22 |       |       ||    30
       Great mace        |       |       |       |       |    14 |    50 |   183 ||   247
       Unarmed           |       |       |       |       |       |       |     7 ||     7
Invok: Heroism           |       |       |       |     4 |       |     1 |     1 ||     6
 Abil: Dig               |       |       |     1 |       |     1 |     1 |       ||     3
  Use: Scroll            |     3 |    12 |     6 |    12 |    11 |    12 |     3 ||    59
       Potion            |       |       |     2 |     4 |       |     3 |       ||     9
 Stab: Paralysed         |       |       |       |       |       |       |     2 ||     2
       Confused          |       |       |       |       |       |       |     1 ||     1
  Eat: Ration            |       |     2 |     3 |     9 |    10 |    10 |     4 ||    38
       Chunk             |       |     1 |       |     2 |     4 |    16 |     1 ||    24
Armor: Scale mail        |    26 |    33 |       |       |       |       |       ||    59
       Chain mail        |       |    15 |   148 |   111 |       |       |       ||   274
       Plate armour      |       |       |       |   299 |   652 |   911 |   473 ||  2335
       Skin              |       |       |       |       |       |       |     1 ||     1
Dodge: Dodged            |    18 |    41 |    89 |   214 |   307 |   283 |   136 ||  1088
Block: Shield            |    32 |    61 |   191 |   507 |   896 |   463 |       ||  2150
       Reflection        |       |       |       |       |       |    12 |    23 ||    35
       Large shield      |       |       |       |       |       |  1195 |   831 ||  2026

Table legend:
 A = Spawn XP
 B = Non-spawn XP
 C = Spawn XP percentage of total XP
 D = Spawn monster count
 E = Non-spawn monster count
 F = Spawn count percentage of total count
 G = Total turns spent on level
                    A         B        C        D         E        F      G
               +---------+---------+-------+---------+---------+-------+---------
         Total |       0 |  356331 |   0.0 |       0 |    1246 |   0.0 | 44357
               +---------+---------+-------+---------+---------+-------+---------
           D:1 |       0 |      50 |   0.0 |       0 |      22 |   0.0 |   799
           D:2 |       0 |      50 |   0.0 |       0 |       7 |   0.0 |   699
           D:3 |       0 |      67 |   0.0 |       0 |      25 |   0.0 |   401
           D:4 |       0 |     254 |   0.0 |       0 |      10 |   0.0 |  1018
           D:5 |       0 |     941 |   0.0 |       0 |      21 |   0.0 |  1395
           D:6 |       0 |    1773 |   0.0 |       0 |      31 |   0.0 |  1796
           D:7 |       0 |    1207 |   0.0 |       0 |      30 |   0.0 |  1182
           D:8 |       0 |    3134 |   0.0 |       0 |      41 |   0.0 |  1138
           D:9 |       0 |    2247 |   0.0 |       0 |      38 |   0.0 |  1424
          D:10 |       0 |    4579 |   0.0 |       0 |      27 |   0.0 |  1652
          D:11 |       0 |    7750 |   0.0 |       0 |      48 |   0.0 |  1143
          D:12 |       0 |    7890 |   0.0 |       0 |      24 |   0.0 |   914
          D:13 |       0 |   14614 |   0.0 |       0 |      46 |   0.0 |  1320
          D:14 |       0 |    7654 |   0.0 |       0 |      39 |   0.0 |  1293
          D:15 |       0 |    9030 |   0.0 |       0 |      25 |   0.0 |  1293
        Lair:1 |       0 |    3774 |   0.0 |       0 |      29 |   0.0 |  1054
        Lair:2 |       0 |    5187 |   0.0 |       0 |      16 |   0.0 |  1984
        Lair:3 |       0 |    6584 |   0.0 |       0 |      28 |   0.0 |  1004
        Lair:4 |       0 |    4516 |   0.0 |       0 |      21 |   0.0 |  1612
        Lair:5 |       0 |    7573 |   0.0 |       0 |      30 |   0.0 |  1169
        Lair:6 |       0 |   29839 |   0.0 |       0 |     114 |   0.0 |  3022
       Swamp:1 |       0 |   17131 |   0.0 |       0 |      42 |   0.0 |  1610
       Swamp:2 |       0 |   13036 |   0.0 |       0 |      31 |   0.0 |   848
       Swamp:3 |       0 |   16448 |   0.0 |       0 |      30 |   0.0 |  1342
       Swamp:4 |       0 |   31522 |   0.0 |       0 |      70 |   0.0 |  1370
      Spider:1 |       0 |   23004 |   0.0 |       0 |      62 |   0.0 |  2197
      Spider:2 |       0 |   12203 |   0.0 |       0 |      31 |   0.0 |  1230
      Spider:3 |       0 |   12255 |   0.0 |       0 |      32 |   0.0 |  1760
      Spider:4 |       0 |   38777 |   0.0 |       0 |      89 |   0.0 |  2089
         Orc:1 |       0 |   15939 |   0.0 |       0 |      66 |   0.0 |  2559
         Orc:2 |       0 |    6390 |   0.0 |       0 |      42 |   0.0 |   577
      Depths:1 |       0 |   49082 |   0.0 |       0 |      74 |   0.0 |  1224
           Lab |       0 |    1831 |   0.0 |       0 |       5 |   0.0 |   185
               +---------+---------+-------+---------+---------+-------+---------
